 Dungeon Crawl Stone Soup version 0.31.0-11-ge490571c62 (webtiles) character file.

Game seed: 7300150615914734122

3031 hawla the Gouger (level 9, -2/44 HPs)
             Began as a Felid Shapeshifter on Jan 27, 2024.
             Slain by a two-headed ogre
             ... wielding a +0 halberd
              (18 damage)
             ... in a bailey.
             The game lasted 00:11:27 (5076 turns).

hawla the Gouger (Felid Shapeshifter)               Turns: 5076, Time: 00:11:27

Health: -2/44      AC:  2    Str: 14    XL:     9   Next: 56%
Magic:  10/10      EV: 22    Int: 16    God:
Gold:   93         SH:  0    Dex: 16    Spells: 8/8 levels left
                                        Lives:  0   Deaths: 3

rFire   . .          .
                       - Unarmed
rCold   . . .        (shield unavailable)
rNeg    . . .        (body armour unavailable)
rPois   .            (helmet unavailable)
rElec   .            (cloak unavailable)
rCorr   .            (gloves unavailable)
SInv    +            (boots unavailable)
Will    +....        s - amulet of Melee {Acrobat Int+2 SInv}
Stlth   +            (no ring)
HPRegen 0.27/turn    (no ring)
MPRegen 0.12/turn

%: acrobat
@: flux-form, glowing
A: glow, contaminating, very small, claws 1, fangs 3, see invisible, shaggy fur
2, stealthy paws, no weapons or thrown items, no armour, multi-lived
a: Begin Untransformation


You were in a bailey.
You were something dangerously unstable.
You visited 1 branch of the dungeon, and saw 7 of its levels.
You also visited: Bailey.

You collected 197 gold pieces.
You spent 104 gold pieces at shops.

Inventory:

Jewellery
 h - a ring of ice
 r - a ring of ice
 s - the amulet of Melee (around neck) {Acrobat Int+2 SInv}
   (You found it on level 6 of the Dungeon)

   [amulet of the acrobat]

   Acrobat:   It increases your evasion while moving and waiting.
   Int+2:     It affects your intelligence (+2).
   SInv:      It lets you see invisible.
 v - an amulet of guardian spirit
Talismans
 b - a beast talisman
 c - a flux talisman (active)
 w - a maw talisman
Wands
 x - a wand of paralysis (4)
Scrolls
 d - a scroll of silence {unknown}
 e - a scroll of revelation
 g - a scroll of blinking {unknown}
 m - a scroll of brand weapon {unknown}
 o - a scroll of fear {unknown}
 q - 2 scrolls of poison {unknown}
 u - a scroll of amnesia {unknown}
Potions
 f - a potion of mutation
 j - 2 potions of degeneration
 k - 2 potions of curing
 n - a potion of resistance
 t - a potion of attraction


   Skills:
 - Level 3.0 Fighting
 - Level 4.0 Dodging
 + Level 10.8 Unarmed Combat
 - Level 7.0 Shapeshifting


You had 8 spell levels left.
You didn't know any spells.
Your spell library was empty.

Dungeon Overview and Level Annotations

Branches:
Dungeon (7/15)             Bailey (1/1)
 Temple: D:4-7

Altars:

Shops:
D:4 !   D:6 (


Innate Abilities, Weirdness & Mutations

You are something dangerously unstable.
You glow with magical radiation, making you easy to see and hit.
Foes you strike become dangerously contaminated with magical radiation.
You have sharp claws.
You have razor-sharp teeth.
You have supernaturally acute eyesight. (SInv)
You are covered in thick fur. (AC +2)
Your paws help you pounce on unaware monsters.
You are incapable of wielding weapons or throwing items.
You cannot wear armour.
You gain extra lives every three experience levels.


Message History

You die...
Your shape twists and changes as you die.
The spriggan burns you!
You rejoin the land of the living...
You enter the shallow water.
Moving in this stuff is going to be slow.
A spriggan is nearby!
You claw the spriggan!
The spriggan begins to glow.
The spriggan is almost dead.
The spriggan misses you.
You scratch the spriggan.
You kill the spriggan!
Things that are here:
the +6 lajatang of the Crawling Thing {flame, +Blink Will+ Stlth-}; the +0 ice dragon scales of Oquuss {Harm rF- rC++ Will+}; a spriggan corpse Unknown command.
A two-headed ogre comes into view. It is wielding two +0 halberds.
The two-headed ogre shouts in stereo!
You hear a roar!
The two-headed ogre completely misses you. x2
You scratch the two-headed ogre.
The two-headed ogre begins to glow.
The two-headed ogre is lightly wounded.
You scratch the two-headed ogre.
The two-headed ogre glows dangerously bright.
You bite the two-headed ogre.
The two-headed ogre is moderately wounded.
The two-headed ogre misses you.
The two-headed ogre hits you with a +0 halberd!
You scratch the two-headed ogre.
The two-headed ogre shudders as magic cascades through it!
The two-headed ogre twists and deforms.
The two-headed ogre is heavily wounded.
You scratch the two-headed ogre.
The two-headed ogre begins to glow.
You bite the two-headed ogre, but do no damage.
The two-headed ogre is severely wounded.
The two-headed ogre completely misses you.
The two-headed ogre hits you with a +0 halberd!
You scratch the two-headed ogre.
The two-headed ogre glows dangerously bright.
The two-headed ogre is severely wounded.
The two-headed ogre hits you with a +0 halberd!!
You die...

######### ##.......## ###
##.........## ##.##
##..####♣##..## ##...##
##..##.....##..## #.....#
##).##.......##..##
##.....###).##.p♣♣#♣♣..#...#
#...∩..~~~.)♣.O♣♣ ♣♣.#...#
#......~~~..#.. ♣.♣~..#
#......~~~..#.. ♣.~~).#
#......~~~..#.. ♣)#~))#
#...∩..~~~..#.. ♣♣.#.).#
##.....###..♣#..♣###♣..♣)..#
#.....# ##..##..)†...##..##
##...## ##..♣#.i...##..##


You could see a two-headed ogre (heavy contam, misshapen).

Vanquished Creatures
  6 spriggans (Bailey)
  An orc warrior (D:6)
  2 sky beasts (D:6)
  8 ogres
  A centaur (D:7)
  A kobold brigand (D:5)
  3 scorpions
  4 wights (D:5)
  2 jellies
  2 bombardier beetles
  4 hounds
  A gnoll bouda (D:5)
  2 orc priests
  An iguana (D:5)
  2 orc wizards
  3 adders
  5 gnolls
  A shadow imp (D:6)
  3 dart slugs
  3 ribbon worms
  20 orcs
  5 endoplasms
  3 giant cockroaches
  8 goblins
  2 hobgoblins
  2 jackals (D:3)
  12 kobolds
  3 quokkas
  16 ball pythons
  5 bats
  7 frilled lizards
  6 rats
144 creatures vanquished.

Notes
Turn   | Place    | Note
-------+----------+-------------------------------------------
     0 | D:1      | hawla the Felid Shapeshifter began the quest for the Orb.
     0 | D:1      | Reached XP level 1. HP: 10/10 MP: 2/2
    75 | D:1      | Reached XP level 2. HP: 12/14 MP: 3/3
   392 | D:2      | Reached XP level 3. HP: 18/18 MP: 4/4
   645 | D:2      | Reached skill level 4 in Unarmed Combat
   658 | D:2      | Identified the +1 spear of Execution {freeze, *Noise rElec
                  | rF+ Int+6}
   915 | D:3      | Slain by a hound
   915 | D:3      | Lost a life (0 lives remaining)
   940 | D:3      | Reached XP level 4. HP: 3/22 MP: 5/5
   940 | D:3      | Gained a life (1 life remaining)
   941 | D:3      | HP: 1/33 [orc/+0 whip (3)]
  1095 | D:3      | You fall into a shaft and drop 1 floor!
  1155 | D:3      | Reached skill level 5 in Unarmed Combat
  1534 | D:3      | Reached XP level 5. HP: 18/25 MP: 6/6
  1648 | D:4      | Identified the +9 short sword of Sakkol {flame, rF- rN+
                  | Int+5}
  1754 | D:4      | Found Vusedgh's Distillery.
  1766 | D:4      | Bought a potion of heal wounds for 65 gold pieces
  1766 | D:4      | Bought a potion of curing for 39 gold pieces
  1791 | D:4      | Noticed an ogre
  1807 | D:4      | Killed an ogre
  1808 | D:4      | Reached skill level 6 in Unarmed Combat
  1813 | D:4      | Gained mutation: You are covered in thick fur. (AC +2)
                  | [Felid growth]
  1813 | D:4      | Reached XP level 6. HP: 13/30 MP: 7/7
  2597 | D:5      | Entered Level 5 of the Dungeon
  2652 | D:5      | Mangled by a wight
  2652 | D:5      | Lost a life (0 lives remaining)
  2681 | D:5      | Reached skill level 5 in Shapeshifting
  2681 | D:5      | Reached XP level 7. HP: 9/33 MP: 8/8
  2681 | D:5      | Gained a life (1 life remaining)
  3034 | D:5      | HP: 1/33 [acid (7)]
  3555 | D:5      | Reached XP level 8. HP: 23/37 MP: 9/9
  4038 | D:6      | Identified the amulet of Melee {Acrobat Int+2 SInv}
  4209 | D:6      | HP: 2/40 [orc warrior/+0 mace (10)]
  4213 | D:6      | Reached skill level 7 in Unarmed Combat
  4378 | D:6      | Found Suna's Antique Weapon Emporium.
  4660 | D:7      | Found a flagged portal.
  4704 | D:7      | Reached skill level 8 in Unarmed Combat
  4731 | Bailey   | Entered a bailey
  4780 | Bailey   | HP: 3/60 [ogre/+0 halberd (1)]
  4784 | Bailey   | Reached XP level 9. HP: 2/44 MP: 10/10
  4957 | Bailey   | Reached skill level 9 in Unarmed Combat
  4985 | Bailey   | Reached skill level 10 in Unarmed Combat
  5037 | Bailey   | Identified the +6 lajatang of the Crawling Thing {flame,
                  | +Blink Will+ Stlth-}
  5037 | Bailey   | Identified the +0 ice dragon scales of Oquuss {Harm rF-
                  | rC++ Will+}
  5054 | Bailey   | Slain by a spriggan
  5054 | Bailey   | Lost a life (0 lives remaining)
  5070 | Bailey   | Noticed a two-headed ogre
  5076 | Bailey   | Slain by a two-headed ogre

Illustrated notes

Levels and vault maps discovered:
D:1:      mrwooster_arrival_statue_3, layout_basic, minmay_misc_feat_encased,
          minmay_misc_feat_more_columns
D:2:      layout_basic
D:3:      layout_loops_ring
D:4:      layout_basic, serial_shops, shop
D:5:      layout_basic, serial_aquarium, aquarium_bridge_long_joined
          [aquarium_subvault_bridge, aquarium_subvault_window,
          aquarium_subvault_bridge, aquarium_subvault_bridge,
          aquarium_subvault_window, aquarium_subvault_bridge],
          aquarium_bridge_square [aquarium_subvault_window,
          aquarium_subvault_balcony, aquarium_subvault_bridge,
          aquarium_subvault_bridge], aquarium_window_1, aquarium_window_1,
          aquarium_window_1, aquarium_view_2c, aquarium_view_2d, aquarium_pool_2
D:6:      layout_rooms, serial_shops, shop
D:7:      layout_basic, minmay_temple_entry_statues_fountains, enter_bailey_5,
          corexii_item_surrounded_by_moat
Bailey:   bailey_polearm_enchanted_keep_hellmonk, bailey

Skill      XL: |  1  2  3  4  5  6  7  8  9 |
---------------+----------------------------+-----
Dodging        | 3 4 |  4.0
Unarmed Combat | 4 5 6 8 10 | 10.8
Shapeshifting  | 3 5 6 7 |  7.0
Fighting       | 3 |  3.0

Action                     |  1- 3 |  4- 6 |  7- 9 || total
---------------------------+-------+-------+-------++-------
  Melee: Unarmed           |   106 |   151 |   220 ||   477
         Bite              |     7 |    18 |    32 ||    57
         Punch             |     1 |     6 |     3 ||    10
  Evoke: Wand              |       |       |     4 ||     4
    Use: Scroll            |     3 |       |     6 ||     9
         Potion            |     1 |     3 |     7 ||    11
   Stab: Sleeping          |     7 |     1 |       ||     8
         Paralysed         |       |       |     2 ||     2
 Armour: Skin              |    34 |    49 |    76 ||   159
  Dodge: Dodged            |    92 |   122 |   213 ||   427
   Form: Flux              |       |       |     1 ||     1
